 Dungeon Crawl Stone Soup version 0.21.0-3-g78d12a8 (webtiles) character file.

99 MDvedh the Charlatan (level 4, 0/24 HPs)
             Began as a Deep Elf Artificer on Jan 15, 2018.
             Succumbed to an adder's poison
             ... on level 2 of the Dungeon.
             The game lasted 00:03:12 (2096 turns).

MDvedh the Charlatan (Deep Elf Artificer)           Turns: 2096, Time: 00:03:13

Health: 0/24       AC:  4    Str:  9    XL:     4   Next: 45%
Magic:  9/9        EV: 12    Int: 17    God:
Gold:   131        SH:  0    Dex: 15    Spells: 3/3 levels left

rFire    . . .     SeeInvis .   a - +0 short sword
rCold    . . .     Gourm    .   (no shield)
rNeg     . . .     Faith    .   b - +0 leather armour
rPois    .         Spirit   .   (no helmet)
rElec    .         Reflect  .   (no cloak)
rCorr    .         Harm     .   (no gloves)
MR       .....                  i - +0 pair of boots
Stlth    ++........             (no amulet)
HPRegen  0.08/turn              (no ring)
MPRegen  0.11/turn              (no ring)

@: lethally poisoned (0 -> -4), flying, hasted, drained, very quick
A: blurry vision 1, wild magic 1
a: no special abilities


You were on level 2 of the Dungeon.
You were hungry.

You visited 1 branch of the dungeon, and saw 2 of its levels.

You collected 131 gold pieces.

Inventory:

Hand Weapons
 a - a +0 short sword (weapon)
Armour
 b - a +0 leather armour (worn)
 i - a +0 pair of boots (worn)
Wands
 d - a wand of enslavement (15)
 e - a wand of random effects (10)
Scrolls
 g - a scroll of magic mapping {unknown}
 h - a scroll of teleportation {unknown}
 l - a scroll of remove curse
 n - a scroll of amnesia {unknown}
Comestibles
 f - 2 rations


   Skills:
 - Level 0.7(0.5) Fighting
 + Level 3.1(3.0) Short Blades
 - Level 2.4(2.2) Dodging
 - Level 1.2(1.0) Stealth
 + Level 4.7(4.5) Evocations


You had 3 spell levels left.
You didn't know any spells.

Dungeon Overview and Level Annotations

Branches:
Dungeon (2/15)

Altars:
Nemelex Xobeh


Innate Abilities, Weirdness & Mutations

Scrolls take you a little longer to read.
Your spells are a little harder to cast, but a little more powerful.


Message History

* * * LOW HITPOINT WARNING * * *
You feel sick.
There is a lethal amount of poison in your body!
There is a lethal amount of poison in your body!
There is a lethal amount of poison in your body!
You aren't carrying any potions.
You begin reading the scroll.
You continue reading the scroll.
As you read the scroll labeled LOAMUAHAINIO, it crumbles to dust.
You feel blessed for a moment.
It was a scroll of remove curse.
You aren't carrying any pieces of jewellery.
Wear which item? (? for menu, Esc to quit)
Okay, then.
* * * LOW HITPOINT WARNING * * *
You feel sick.
You see here a stone.
* * * LOW HITPOINT WARNING * * *
You feel sick.
You see here a stone.
You see here a stone.
You die...

..................$....#
...................>...#
....##.#.##............#
..#.....<.......)#.....#
###..†##.## #.#.#.##..#
.........#####)......).#
#.#.............(......#
#.#.)....#.####..#.##.##
#.##.....#......@.....#
#.##...#.#..####(#.######### ..
#.....#..# #.#.###.....#
#######.##..# #.#.........####
......#.##..####...##......'..#
.......).#.........###.....#.##
.####.#..##.####...........#.#
.# #.#..##.# #...###.....#.#
.####.#..##^####...# #####'#.#


There were no monsters in sight!

Vanquished Creatures
  An iguana (D:2)
  2 adders (D:2)
  2 oozes
  2 dart slugs (D:1)
  A bat (D:2)
  2 giant cockroaches (D:1)
  6 goblins
  5 hobgoblins
  6 jackals
  5 kobolds
  3 frilled lizards
  6 rats (D:1)
41 creatures vanquished.

Notes
Turn   | Place    | Note
-------+----------+-------------------------------------------
     0 | D:1      | MDvedh the Deep Elf Artificer began the quest for the Orb.
     0 | D:1      | Reached XP level 1. HP: 11/11 MP: 5/5
   481 | D:1      | Reached XP level 2. HP: 13/16 MP: 6/6
   701 | D:1      | Reached skill level 4 in Evocations
   825 | D:1      | Reached XP level 3. HP: 18/20 MP: 8/8
  1276 | D:2      | Reached XP level 4. HP: 4/24 MP: 9/9
  1788 | D:2      | Found a sparkling altar of Nemelex Xobeh.
  2086 | D:2      | Gained mutation: Scrolls take you a little longer to read. [potion of mutation]
  2086 | D:2      | Gained mutation: Your spells are a little harder to cast, but a little more powerful. [potion of mutation]
  2092 | D:2      | HP: 1/24 [poisoned by an adder]
  2096 | D:2      | Succumbed to an adder's poison

Skill      XL: |  1  2  3  4 |
---------------+-------------+-----
Short Blades   | 2 3 |  3.1
Evocations     | 4 |  4.7
Fighting       | |  0.7
Dodging        | |  2.4
Stealth        | |  1.2

Action                   |  1- 3 |  4- 6 || total
-------------------------+-------+-------++-------
Melee: Short sword       |    95 |    34 ||   129
Evoke: Wand              |     8 |    12 ||    20
  Use: Potion            |       |     3 ||     3
       Scroll            |       |     1 ||     1
 Stab: Sleeping          |     2 |       ||     2
  Eat: Chunk             |     1 |     2 ||     3
Armor: Leather armour    |    22 |    15 ||    37
Dodge: Dodged            |    59 |    22 ||    81
